 Dungeon Crawl Stone Soup version 0.20.1-1-g8b1a95d (webtiles) character file.

103 vineage the Cudgeler (level 4, -1/28 HPs)
             Began as a Gargoyle Fighter on Oct 22, 2017.
             Slain by an ogre
             ... wielding a +0 giant spiked club
              (25 damage)
             ... on level 3 of the Dungeon.
             The game lasted 00:02:00 (1398 turns).

vineage the Cudgeler (Gargoyle Fighter)             Turns: 1398, Time: 00:02:00

Health: -1/28      AC: 10    Str: 25    XL:     4   Next: 79%
Magic:  4/4        EV:  7    Int:  9    God:
Gold:   66         SH:  9    Dex:  9    Spells: 3/3 levels left

rFire    . . .     SeeInvis .   a - +0 flail
rCold    . . .     Gourm    .   c - +0 shield
rNeg     + . .     Faith    .   b - +0 scale mail
rPois    ∞         Spirit   .   (no helmet)
rElec    +         Reflect  .   (no cloak)
rCorr    .         Harm     .   (no gloves)
MR       .....                  (no boots)
Stlth    ..........             (no amulet)
Regen    0.1/turn               (no ring)
MPRegen  0.1/turn               (no ring)

@: mighty
A: negative energy resistance 1, electricity resistance, unbreathing,
petrification resistance, rot immunity, AC +3
a: no special abilities


You were on level 3 of the Dungeon.
You were very hungry.

You visited 1 branch of the dungeon, and saw 3 of its levels.

You collected 66 gold pieces.

Inventory:

Hand Weapons
 a - a +0 flail (weapon)
Armour
 b - a +0 scale mail (worn)
 c - a +0 shield (worn)
Jewellery
 j - an uncursed amulet of magic regeneration {unknown}
 o - a +4 ring of intelligence {unknown}
 p - an uncursed ring of protection from cold {unknown}
Scrolls
 g - 2 scrolls of identify {unknown}
 k - a scroll of fog {unknown}
 m - a scroll of remove curse {unknown}
 n - a scroll of teleportation {unknown}
 q - 2 scrolls of immolation {unknown}
Potions
 e - a potion of haste {unknown}
 l - a potion of curing {unknown}
 r - a potion of lignification {unknown}
 s - a potion of invisibility {unknown}
Comestibles
 f - 2 bread rations
 h - a royal jelly
 i - 4 fruits


   Skills:
 - Level 3.3 Fighting
 + Level 4.8 Maces & Flails
 - Level 3.2 Armour
 - Level 3.2 Shields


You had 3 spell levels left.
You didn't know any spells.

Dungeon Overview and Level Annotations

Branches:
Dungeon (3/15)

Altars:


Innate Abilities, Weirdness & Mutations

You are resistant to torment.
Your stone body is resilient. (AC +3)
You are immune to poison.
You resist negative energy. (rN+)
You are resistant to electric shocks. (rElec)
You can survive without breathing.
You are immune to petrification.
You are immune to rotting.


Message History

No target in view!
No target in view!
No target in view!
No target in view!
No target in view!
No target in view!
No target in view!
No target in view!
No target in view!
You are feeling very hungry.
There is a stone staircase leading down here.
You climb downwards.
There is a stone staircase leading up here.
Found a stone staircase leading up.
An ogre comes into view. It is wielding a giant spiked club.
Found a scroll labeled ENEVIO EPITOGH.
You feel very mighty all of a sudden.
The ogre hits you with a giant spiked club!!
Ouch! That really hurt!
You die...

#.#...# #.#.#.#
#.#..<#####..#
#.###........#
#.###..#####..
#......#
#####.##
########.######
......O@........
.#####.#.##.....
#...... ....
...?.<.......
###..#.#......
#........###
...#.#..... #.#
.# ###.


You could see an ogre.

Vanquished Creatures
  3 adders (D:2)
  3 oozes
  4 worms (D:2)
  A leopard gecko (D:2)
  4 bats
  3 giant cockroaches
  5 hobgoblins (D:1)
  5 jackals
  A ball python (D:1)
  A frilled lizard (D:2)
  9 goblins
  4 kobolds
  6 rats
49 creatures vanquished.

Notes
Turn   | Place    | Note
-------+----------+-------------------------------------------
     0 | D:1      | vineage the Gargoyle Fighter began the quest for the Orb.
     0 | D:1      | Reached XP level 1. HP: 14/14 MP: 1/1
   159 | D:1      | Reached XP level 2. HP: 18/19 MP: 2/2
   337 | D:1      | Reached skill level 3 in Maces & Flails
   538 | D:1      | Reached XP level 3. HP: 23/23 MP: 3/3
   780 | D:2      | Reached skill level 4 in Maces & Flails
   794 | D:2      | Reached XP level 4. HP: 12/28 MP: 4/4
  1396 | D:3      | Noticed an ogre
  1398 | D:3      | Slain by an ogre

Skill      XL: |  1  2  3 |
---------------+----------+-----
Maces & Flails | 3 4 |  4.8
Fighting       | |  3.3
Armour         | |  3.2
Shields        | |  3.2

Action                   |  1- 3 |  4- 6 || total
-------------------------+-------+-------++-------
Melee: Flail             |   124 |    86 ||   210
  Use: Potion            |       |     1 ||     1
  Eat: Chunk             |       |     1 ||     1
Armor: Scale mail        |    77 |    36 ||   113
Dodge: Dodged            |    41 |    19 ||    60
Block: Shield            |    78 |    31 ||   109
